 Dungeon Crawl Stone Soup version 0.29-a0-362-g5854e031c7 (webtiles) character file.

Game seed: 7213635462303579746

91 OTABOTABOTAB the Conjurer (level 4, -2/25 HPs)
             Began as a Deep Elf Conjurer on Apr 29, 2022.
             Slain by an orc
             ... wielding a +0 short sword
              (4 damage)
             ... on level 2 of the Dungeon.
             The game lasted 00:04:15 (2517 turns).

OTABOTABOTAB the Conjurer (Deep Elf Conjurer)       Turns: 2517, Time: 00:04:16

Health: -2/25      AC: -4    Str:  4    XL:     4   Next: 34%
Magic:  9/11       EV: 13    Int: 25    God:
Gold:   106        SH:  0    Dex: 13    Spells: 7/10 levels left

rFire   . . .      SeeInvis .   e - +2 hunting sling (vorpal)
rCold   . . .      Faith    .   (no shield)
rNeg    . . .      Spirit   .   a - +0 robe
rPois   .          Reflect  .   (no helmet)
rElec   .          Harm     .   l - +1 cloak
rCorr   .          Rampage  .   (no gloves)
Will    .....                   (no boots)
Stlth   ++........              (no amulet)
HPRegen 0.08/turn               (no ring)
MPRegen 0.12/turn               (no ring)

@: corroded
A: no striking features
a: no special abilities


You were on level 2 of the Dungeon.
You visited 1 branch of the dungeon, and saw 3 of its levels.

You collected 106 gold pieces.

Inventory:

Hand Weapons
 e - a +2 vorpal hunting sling (weapon)
   (You found it on level 1 of the Dungeon)
Missiles
 s - 43 stones
Armour
 a - a +0 robe (worn)
 l - a +1 cloak (worn)
   (You found it on level 2 of the Dungeon)
Scrolls
 b - a scroll of fear {unknown}
 c - a scroll of blinking {unknown}
 i - a scroll of noise {unknown}
 k - a scroll of brand weapon {unknown}
 m - a scroll of holy word {unknown}
Potions
 d - 2 potions of curing {unknown}
 f - a potion of might {unknown}
 g - a potion of lignification {unknown}
 h - a potion of degeneration {unknown}
 j - a potion of haste {unknown}
 M - a potion of magic


   Skills:
 + Level 1.3 Fighting
 + Level 3.3 Dodging
 - Level 2.4 Stealth
 + Level 3.8 Spellcasting
 * Level 5.3 Conjurations


You had 7 spell levels left.
You knew the following spells:

 Your Spells              Type           Power      Damage    Failure   Level
a - Magic Dart            Conj           100%       1d8       1%          1
b - Searing Ray           Conj           62%        2d6       1%          2

Your spell library contained the following spells:

 Spells                   Type           Power      Damage    Failure   Level
 Shock                    Conj/Air       72%        1d7       3%          1
 Sandblast                Erth           8%         2d5       10%         1
 Dazzling Flash           Conj/Hex       36%        N/A       10%         3
 Stone Arrow              Conj/Erth      36%        3d9       10%         3
 Passwall                 Tmut/Erth      3%         N/A       14%         2
 Portal Projectile        Hex/Tloc       8%         N/A       28%         3
 Swiftness                Air            4%         N/A       28%         3
 Fulminant Prism          Conj/Hex       9%         3d7       30%         4
 Iskenderun's Mystic Bla  Conj/Tloc      18%        2d6       30%         4
 Airstrike                Air            2%         N/A       67%         4
 Blade Hands              Tmut           2%         N/A       95%         5
 Excruciating Wounds      Necr           2%         N/A       95%         5


Dungeon Overview and Level Annotations

Branches:
Dungeon (3/15)

Altars:


Message History

The searing ray hits the gnoll!
You finish channelling your searing ray.
You now have 5/11 mp.
Aim: a gnoll, wielding a +0 whip (almost dead, 82% to hit)
The searing ray hits the gnoll.
You kill the gnoll! (Press . to maintain the ray.)
You now have 3/11 mp.
You now have 2/11 mp.
You now have 1/11 mp.
You start resting.
MP restored: 11 Unknown command.
Things that are here:
a +0 flail; a gnoll corpse
Things that are here:
a +0 whip; a gnoll corpse
Things that are here:
a +0 spear; a gnoll corpse You pick up a book of Weapons and begin reading...
You add the spells Portal Projectile, Excruciating Wounds and Blade Hands to your library.
No target in view!
No target in view!
m - a scroll labelled VOGGIKHIST
Found a stone staircase leading down.
Done exploring.
Done exploring.
Done exploring.
Done exploring.
Done exploring.
Done exploring.
Done exploring.
Done exploring.
Search for what [? for help]? altar Unknown command.
Done exploring.
Done exploring.
Done exploring.
Done exploring.
(D) Dungeon
Where to? (Enter - D:2 @ (x,y), ? - help)
There is a stone staircase leading down here.
You climb downwards.
The orc shouts!
There is a stone staircase leading up here.
There are monsters nearby!
There are monsters nearby!
You shoot a sling bullet. The orc shouts!
The adder hisses angrily.
The sling bullet hits the endoplasm.
You shoot a sling bullet.
The sling bullet hits the endoplasm but does no damage.
The adder closely misses you.
A jelly comes into view.
The endoplasm freezes you.
You are frozen.
You take 1 damage, and have 24/25 hp.
The adder bites you. The endoplasm hits you.
You climb upwards.
There is a stone staircase leading down here.
You take 4 damage, and have 20/25 hp.
Aim: an endoplasm (almost dead, 98% to hit)
The searing ray hits the endoplasm!
You kill the endoplasm! (Press . to maintain the ray.)
The adder bites you but does no damage.
You now have 9/11 mp.
Restarting spell: Searing Ray (safe; 1% risk of failure)
Aim: an adder (66% to hit)
The searing ray hits the adder. (Press . to maintain the ray.)
The adder closely misses you.
You now have 7/11 mp.
The searing ray hits the adder.
The adder bites you. The adder completely misses you.
You take 2 damage, and have 18/25 hp.
You now have 6/11 mp.
The searing ray hits the adder.
You kill the adder!
You now have 5/11 mp.
You finish channelling your searing ray.
You now have 4/11 mp.
You start resting.
Health restored: 25; MP restored: 11 You start waiting.
Done waiting.
There is a stone staircase leading down here.
You climb downwards.
The jelly misses you. The orc hits you but does no damage.
There is a stone staircase leading up here.
The jelly hits you. The acid corrodes you!
You are splashed with acid!
The orc hits you with a +0 short sword.
You climb upwards.
There is a stone staircase leading down here.
You take 14 damage, and have 11/25 hp.
MASSIVE DAMAGE!!
The searing ray hits the jelly! (Press . to maintain the ray.)
The jelly hits you. The acid corrodes you!
You are splashed with acid.
* * * LOW HITPOINT WARNING * * *
The orc hits you with a +0 short sword.
You die...

##### ....##############
....'..........J@#
....#..#######.#o#########
....##.## #.#.#.......# ######
....##..# #.#.#.#####.# #.....
..#####.# #.#.#.#.....###.#...
..# #.# #.#.#.#...........#. ..#
#.# #.#.#.#..<.......... ..# #.#
#.#.#.#....:....##..
..#####.######.#.#.#.............


You could see a jelly and an orc.

Vanquished Creatures
  3 gnolls (D:2)
  An adder (D:2)
  A ball python (D:1)
  2 endoplasms
  3 giant cockroaches (D:2)
  8 goblins
  12 hobgoblins
  3 jackals (D:1)
  A quokka (D:1)
  6 bats
  3 frilled lizards
  3 kobolds (D:1)
  2 rats (D:1)
48 creatures vanquished.

Notes
Turn   | Place    | Note
-------+----------+-------------------------------------------
     0 | D:1      | OTABOTABOTAB the Deep Elf Conjurer began the quest for the
                  | Orb.
     0 | D:1      | Reached XP level 1. HP: 10/10 MP: 6/6
     1 | D:1      | You fall into a shaft and drop 1 floor!
    77 | D:1      | HP: 2/10 [frilled lizard (2)]
   384 | D:1      | Reached XP level 2. HP: 16/16 MP: 4/8
   989 | D:1      | Found a faded altar of an unknown god.
  1351 | D:2      | Reached XP level 3. HP: 20/20 MP: 7/9
  1463 | D:2      | Learned a level 2 spell: Searing Ray
  1466 | D:2      | Reached skill level 3 in Dodging
  1563 | D:2      | Reached skill level 5 in Conjurations
  1566 | D:2      | Reached skill level 1 in Fighting
  1567 | D:2      | HP: 3/20 [hobgoblin (5)]
  2113 | D:2      | Reached XP level 4. HP: 25/25 MP: 6/11
  2517 | D:2      | HP: 2/25 [acid (6)]
  2517 | D:2      | Slain by an orc

Illustrated notes

Levels and vault maps discovered:
D:1:      ncdulo_watergridlock, layout_loops_ring,
          hellmonk_ecumenical_altar_inner_sanctum, minmay_distorted
D:2:      cheibrodos_greedy_goblins, layout_basic, serial_park_tiny_2,
          hangedman_decor_peaks_small
D:3:      layout_basic, hellmonk_ghost_happy_afterlife, minivault_14,
          chequers_serial_rivers_large_b, chequers_serial_rivers_micro_c,
          amcnicky_mini_rare_corridor_liquid, moated_statue,
          minmay_misc_feat_square, minmay_checkerbox

Skill      XL: |  1  2  3 |
---------------+----------+-----
Dodging        | 3 |  3.3
Conjurations   | 5 |  5.3
Fighting       | 1 |  1.3
Stealth        | |  2.4
Spellcasting   | |  3.8

Action                   |  1- 3 |  4- 6 || total
-------------------------+-------+-------++-------
Melee: Unarmed           |    15 |       ||    15
       Dagger            |     1 |       ||     1
 Fire: Hunting sling     |    38 |     2 ||    40
 Cast: Magic Dart        |    41 |       ||    41
       Searing Ray       |     3 |     4 ||     7
Armor: Robe              |    11 |     2 ||    13
Dodge: Dodged            |    41 |     4 ||    45

Table legend: (Time is in decaauts)
 A = Elapsed time spent in this place.
 B = Non-inter-level travel time spent in this place.
 C = Inter-level travel time spent in this place.
 D = Time resting spent in this place.
 E = Time spent auto-exploring this place.
 F = Levels seen in this place.
 G = Mean time per level.
                   A        B        C        D        E       F      G
               +--------+--------+--------+--------+--------+-----+--------+
         Total |   2537 |   2496 |     41 |    870 |   1385 |   3 |  845.7 |
       Dungeon |   2537 |   2496 |     41 |    870 |   1385 |   3 |  845.7 |
               +--------+--------+--------+--------+--------+-----+--------+

Top non-repeatable levels by time:
     D:1: 1308 daAuts
     D:2: 1222 daAuts
     D:3: 7 daAuts

Table legend:
 A = Kills in this place as a percentage of kills in entire the game.
 B = Kills by you in this place as a percentage of kills by you in the entire game.
 C = Kills by friends in this place as a percentage of kills by friends in the entire game.
 D = Other kills in this place as a percentage of other kills in the entire game.
 E = Experience gained in this place as a percentage of experience gained in the entire game.
 F = Experience gained in this place divided by the number of levels of this place that you have seen.
                   A       B       C       D       E      F
               +-------+-------+-------+-------+-------+----------------------
         Total | 100.0 | 100.0 |   N/A |   N/A | 100.0 |  43.7
       Dungeon | 100.0 | 100.0 |   N/A |   N/A | 100.0 |  43.7
               +-------+-------+-------+-------+-------+----------------------
